[Event "Early-Titled-Tuesday-Blitz-February-06-2024"]
[Site "Chess.com"]
[Date "2024.02.06"]
[Round "1"]
[White "Arystanner"]
[Black "deribas12345"]
[Result "0-1"]
[WhiteElo "2893"]
[BlackElo "2512"]
[TimeControl "180+1"]
[EndTime "8:09:40 PST"]
[Termination "deribas12345 won by resignation"]

1. d4 Nf6 2. Nf3 c5 3. dxc5 Na6 4. e3 Nxc5 5. Nbd2 d6 6. b4 Nce4 7. Bb2 e6 8. Bd3 Nxd2 9. Qxd2 Be7 10. O-O O-O 11. c4 b6 12. Rfd1 Bb7 13. Qe2 Rc8 14. a3 Rc7 15. Rac1 Qa8 16. h3 Rfc8 17. Ne1 a6 18. Bb1 Be4 19. Bxe4 Qxe4 20. Bxf6 gxf6 21.
Rd4 Qb7 22. Qg4+ Kh8 23. Qh5 Bf8 24. Nd3 f5 25. Rh4 h6 26. c5 bxc5 27. bxc5 Qb3 28. Nf4 dxc5 29. Qg5 Qb2 30. Rc4 Qg7 31. Qh5 Rb8 32.
Qe2 Rd7 33. Nh5 Qe5 34. g3 Rb1+ 35. Kh2 Rdd1 36. Qf3 Rh1+ 37. Qxh1 Rxh1+ 38. Kxh1 Be7 39. Rhf4 Bg5 40. Kg1 Bxf4 41. Nxf4 Qa1+ 42. Kg2 Qxa3 43. Rc2 a5 44. Rd2 a4 45. Rd8+ Kg7 46. Nh5+ Kg6 47.
g4 fxg4 48. hxg4 f5 49. Nf4+ Kf7 50. gxf5 exf5 51. Rd5 c4 52. Rxf5+ Ke8 53. Re5+ Kd8 54. Re6 c3 55. Rc6 Qb3 56. Ne6+ Ke7 57. Nd4 Qd5+ 58.
Kf1 a3 59. Rxc3 a2 60. Ra3 Qc4+ 61. Kg2 Qd5+ 62. f3 Qc4 63. Kg3 h5 64. Kh4 Qg8 65. Ra7+ Kd6 66. f4 Qg2 67. Nf5+ Kc5 68. Kxh5 Qe2+ 69. Kg5 Qb2 70. Nd4 Kc4 71. Rc7+ Kd3 72. Rd7 Ke4 73. Re7+ Kd3 74. Rd7 Kxe3 75. Nf5+ Kf3 76.
Nh4+ Kf2 77. f5 a1=Q 78. Ng6 Qf6+ 79. Kg4 Qg1+ 80. Kf4 Qfg5+ 81. Ke5 Qe1+ 82. Kd5 Qxf5+ 83. Kc6 Qxg6+ 84. Kc7 Qee6 85. Kd8 Qxd7+ 86. Kxd7 Ke3 87. Kc7 Kd4 88. Kd7 Kd5 89. Kc7 Qf7+ 0-1

[Event "Early-Titled-Tuesday-Blitz-February-06-2024"]
[Site "Chess.com"]
[Date "2024.02.06"]
[Round "1"]
[White "DucksParadise"]
[Black "Polish_fighter3000"]
[Result "0-1"]
[WhiteElo "2524"]
[BlackElo "3055"]
[TimeControl "180+1"]
[EndTime "8:09:41 PST"]
[Termination "Polish_fighter3000 won by resignation"]

1. Nf3 Nf6 2. g3 b5 3. Na3 a6 4. c3 Bb7 5. c4 bxc4 6. Nxc4 Bxf3 7. exf3 e6 8. Bg2 a5 9. f4 c6 10. O-O Be7 11. d4 Na6 12. Be3 O-O 13. a3 Nc7 14.
Rc1 Ncd5 15. Ne5 Qb6 16. Qe2 Rfb8 17. Rc2 Qb5 18. Qxb5 Rxb5 19. Rfc1 Rab8 20. Nc4 Nb6 21. Nxb6 R5xb6 22. d5 exd5 23. Bxb6 Rxb6 24. h3 Kf8 25. g4 Bd6 26. f5 h6 27. Bf1 Be5 28.
Rb1 Ne4 29. b4 Bd6 30. b5 Bxa3 31. bxc6 Rxb1 32. c7 Nd6 33. c8=Q+ Nxc8 34. Rxc8+ Ke7 35.
Kg2 Rb2 36. Bd3 Rd2 37. Bc2 Kd6 38. f6 gxf6 39. Bf5 Bc5 40. Rd8 Rxf2+ 41. Kg3 Rb2 42. Rxd7+ Ke5 43. Rxf7 Rb3+ 44. Kh4 Bf2+ 45. Kh5 Rxh3+ 46.
Kg6 Bh4 47. Kxh6 Bg5+ 48. Kg6 a4 49. Ra7 a3 50. Ra5 Rc3 51. Bb1 Kf4 52. Rxd5 Kxg4 53. Ra5 Kf3 54. Bf5 Ke3 55. Be6 Kd2 56. Ra4 Kc1 57. Ra6 Re3 58. Bf7 Kd2 59. Rd6+ Ke2 60. Ra6 Kf3 61. Rc6 Kg4 62. Ra6 Bh4 63. Be6+ Kg3 64. Bf5 Kf2 65. Be6 Bg5 66. Bf7 Kf3 67. Be6 Ke4 68. Bf5+ Ke5 69. Be6 Rf3 70. Bf7 Kd4 71.
Be6 Kc5 72. Bf7 Kb5 73. Ra8 Bh4 74. Be6 Be1 75. Bf5 Bh4 76. Bd7+ Kc5 77. Be6 Kd6 78. Bf7 Rg3+ 79. Kf5 Bg5 80. Kg6 Rf3 81. Bc4 Bc1 82. Bf7 Bb2 83. Ba2 Ke5 84. Re8+ Kf4 85. Ra8 Kg3 86.
Ra5 Rf2 87. Be6 Kf4 88. Rf5+ Ke3 89. Rxf2 Kxf2 90. Kf5 Ke3 91. Ba2 Be5 92. Be6 Kd4 93.
Kg4 Kc3 94. Kf3 Kb2 95. Ke2 a2 0-1

[Event "Early-Titled-Tuesday-Blitz-February-06-2024"]
[Site "Chess.com"]
[Date "2024.02.06"]
[Round "1"]
[White "rhungaski"]
[Black "artin10862"]
[Result "0-1"]
[WhiteElo "2505"]
[BlackElo "2963"]
[TimeControl "180+1"]
[EndTime "8:10:00 PST"]
[Termination "artin10862 won on time"]

1. e4 e5 2. Nf3 Nc6 3. d4 exd4 4.
Nxd4 Qh4 5. Nc3 Bb4 6. Be2 Qxe4 7.
Nb5 Bxc3+ 8. bxc3 Kd8 9. O-O d6 10. Bf3 Qg6 11. Bf4 Bd7 12. Rb1 Nge7 13. Nxc7 Kxc7 14.
Bxd6+ Qxd6 15. Rxb7+ Kxb7 16. Qxd6 Kc8 17. Be2 a5 18.
Rb1 Rd8 19. Qc5 Rb8 20. Rd1 Be6 21. Rxd8+ Kxd8 22. Bb5 Rc8 23. Qd6+ Ke8 24. f4 g6 25. c4 Bd7 26. Qf6 Be6 27. Qh8+ Kd7 28. Qxh7 Kd6 29. Qg7 Nf5 30. Qb2 Ncd4 31. c3 Nc6 32. g4 Nfe7 33.
h3 Kc7 34. Qa3 Rd8 35. Bxc6 Nxc6 36. Qc5 Rd3 37. f5 gxf5 38. gxf5 Bd7 39. h4 Rf3 40. Qf8 Rxf5 41. h5 Rg5+ 42. Kf2 Rxh5 43. Ke3 Re5+ 44. Kd2 Re7 45. Qg7 Be6 46. Qg3+ Kb7 47. c5 Rd7+ 48. Kc1 Bxa2 49. Qg4 Be6 50. Qa4 Rc7 51. Qb5+ Kc8 52. Qb6 Kd7 53. Qb5 Ke7 54. Qd3 Rd7 55. Qb5 Rc7 56.
Qd3 Rc8 57. Qd6+ Ke8 58. Qg3 Ne7 59. Qd6 Rc6 60. Qb8+ Bc8 61. Qb5 Kd8 62. Qxa5+ Kd7 63. Qb5 Ke8 64. Qa4 f6 65. Qd4 Kf7 66. Qc4+ Be6 67. Qb5 Bd7 68. Qc4+ Re6 69. Kb2 Bc6 70. Ka3 f5 71. Qh4 Ng6 72. Qh7+ Kf6 73. Qh6 f4 74. Qh2 f3 75. Qf2 Kf5 76. Qd4 Nf4 77. Qf2 Re2 78.
Qh4 Rg2 79. Qh7+ Rg6 80. Qf7+ Ke4 81. Qe7+ Kd3 82. Qh4 Ke3 83. Qe1+ Ne2 84. Qh4 f2 85.
Qe7+ Kf3 86. Qf7+ Ke3 87. Qe7+ Kd2 88. Qd8+ Ke1 89. Qh4 Rg3 0-1

[Event "Early-Titled-Tuesday-Blitz-February-06-2024"]
[Site "Chess.com"]
[Date "2024.02.06"]
[Round "2"]
[White "Chessdude1987"]
[Black "Mourinho_Jose"]
[Result "1-0"]
[WhiteElo "2283"]
[BlackElo "2479"]
[TimeControl "180+1"]
[EndTime "8:11:40 PST"]
[Termination "Chessdude1987 won by resignation"]

1. e4 c5 2. Nf3 Nc6 3. d4 cxd4 4. Nxd4 d6 5. g3 Nf6 6. Bg2 e6 7. O-O Be7 8. Re1 O-O 9. Nxc6 bxc6 10. e5 Nd5 11. c4 Nb6 12. exd6 Rb8 13. dxe7 Qxe7 14. Bf4 Ra8 15. Bd6 Bb7 16. Bxe7 1-0

[Event "Early-Titled-Tuesday-Blitz-February-06-2024"]
[Site "Chess.com"]
[Date "2024.02.06"]
[Round "2"]
[White "KetiTsatsalashvili"]
[Black "miraitrunks"]
[Result "1-0"]
[WhiteElo "2432"]
[BlackElo "2124"]
[TimeControl "180+1"]
[EndTime "8:12:30 PST"]
[Termination "KetiTsatsalashvili won by resignation"]

1. d4 Nf6 2. Nf3 g6 3. c4 c5 4.
d5 b5 5. cxb5 a6 6. b6 Qxb6 7. Nc3 Bg7 8. a4 d6 9. a5 Qb4 10. Ra4 Qb7 11. g3 O-O 12. Bg2 Nbd7 13. O-O Ng4 14. Nd2 h5 15. h3 Nge5 16. f4 1-0

[Event "Early-Titled-Tuesday-Blitz-February-06-2024"]
[Site "Chess.com"]
[Date "2024.02.06"]
[Round "2"]
[White "ChristopherYoo"]
[Black "chegueps"]
[Result "1-0"]
[WhiteElo "2968"]
[BlackElo "2635"]
[TimeControl "180+1"]
[EndTime "8:12:55 PST"]
[Termination "ChristopherYoo won by resignation"]

1. d4 Nf6 2. Nf3 g6 3. c4 Bg7 4. g3 O-O 5. Bg2 d6 6. O-O Nbd7 7. Nc3 e5 8. e4 exd4 9. Nxd4 Re8 10. Re1 Nc5 11.
Bf4 Bg4 12. Qd2 Nh5 13. Be3 Ne6 14. h3 Bxd4 15. Bxd4 Nxd4 16. hxg4 1-0

[Event "Early-Titled-Tuesday-Blitz-February-06-2024"]
[Site "Chess.com"]
[Date "2024.02.06"]
[Round "2"]
[White "ulises2013"]
[Black "Casper"]
[Result "1-0"]
[WhiteElo "2734"]
[BlackElo "2519"]
[TimeControl "180+1"]
[EndTime "8:13:05 PST"]
[Termination "ulises2013 won by resignation"]

1. e4 g6 2. g3 Bg7 3. Bg2 c5 4. Ne2 Nc6 5. O-O d6 6. c3 e5 7. d3 f5 8. Be3 Nf6 9. h3 O-O 10.
Kh2 h6 11. f4 Kh7 12. Nd2 b5 13. exf5 Qe8 14. fxg6+ Kxg6 15. fxe5 Nh5 16. Nf4+ Nxf4 17. Bxf4 dxe5 18. Be3 Bf5 19. Bxc5 Rf7 20. Ne4 Bf8 21. Rxf5 Rxf5 22. Qg4+ Rg5 23. Nxg5 hxg5 24. Bxf8 Qxf8 25. Qe4+ 1-0

[Event "Early-Titled-Tuesday-Blitz-February-06-2024"]
[Site "Chess.com"]
[Date "2024.02.06"]
[Round "2"]
[White "Caroexpert"]
[Black "Chesstiger64"]
[Result "0-1"]
[WhiteElo "2567"]
[BlackElo "2262"]
[TimeControl "180+1"]
[EndTime "8:13:10 PST"]
[Termination "Chesstiger64 won by resignation"]

1. d4 e6 2. Bf4 c5 3. e3 b6 4. Qf3 Nc6 5. Nc3 Nf6 6. Nb5 Nd5 7. Bd6 a6 8. Bxf8 Kxf8 9. Nd6 Qe7 10. dxc5 bxc5 11. Ne4 f5 12. g4 Ne5 13. Qf4 Nxf4 0-1

[Event "Early-Titled-Tuesday-Blitz-February-06-2024"]
[Site "Chess.com"]
[Date "2024.02.06"]
[Round "2"]
[White "HeroWilczek"]
[Black "Bekkedahl"]
[Result "1-0"]
[WhiteElo "2477"]
[BlackElo "2247"]
[TimeControl "180+1"]
[EndTime "8:13:22 PST"]
[Termination "HeroWilczek won by resignation"]

1. e4 c5 2. Nf3 g6 3. c3 Bg7 4. d4 cxd4 5. cxd4 d5 6. e5 Bg4 7.
Nc3 Nh6 8. Bd3 O-O 9. h3 Bxf3 10. Qxf3 e6 11. O-O Nc6 12. Be3 Nf5 13. Bxf5 exf5 14.
Nxd5 f6 15. exf6 Bxf6 16. Nxf6+ Qxf6 17. Rfd1 Rad8 18. d5 Ne5 19. Qe2 f4 20. Bd4 f3 21.
Qxe5 1-0

[Event "Early-Titled-Tuesday-Blitz-February-06-2024"]
[Site "Chess.com"]
[Date "2024.02.06"]
[Round "2"]
[White "RamonManon0g"]
[Black "Arystanner"]
[Result "1-0"]
[WhiteElo "2412"]
[BlackElo "2878"]
[TimeControl "180+1"]
[EndTime "8:13:23 PST"]
[Termination "RamonManon0g won by checkmate"]

1. e4 e5 2. Nf3 Nf6 3. d4 Nxe4 4. Nxe5 d6 5. Nf3 d5 6. c4 c6 7. Nc3 Bb4 8. Qc2 O-O 9. Bd3 Nxc3 10. bxc3 Re8+ 11. Be3 Bd6 12. Bxh7+ Kf8 13. Bf5 dxc4 14. O-O Nd7 15. Bg5 Qc7 16. Rfe1 Rxe1+ 17. Rxe1 Nb6 18.
Bxc8 Qxc8 19. Qh7 f6 20. Bxf6 Qg4 21. Nh4 Kf7 22. h3 Re8 23. Be5 Qe6 24. Qxg7# 1-0

[Event "Early-Titled-Tuesday-Blitz-February-06-2024"]
[Site "Chess.com"]
[Date "2024.02.06"]
[Round "2"]
[White "kleinebeer98"]
[Black "Lady_Nika"]
[Result "0-1"]
[WhiteElo "2836"]
[BlackElo "2598"]
[TimeControl "180+1"]
[EndTime "8:13:29 PST"]
[Termination "Lady_Nika won by checkmate"]

1. e4 e6 2. d4 d5 3. Nc3 Nf6 4. Bg5 Be7 5. e5 Nfd7 6. h4 h6 7. Bxe7 Qxe7 8. f4 a6 9. Nf3 c5 10. Ne2 cxd4 11. Nexd4 Nc6 12. Bd3 Nxd4 13. Nxd4 Qb4+ 14.
c3 Qxb2 15. O-O Qxc3 16. Nb3 Qb4 17. Rc1 O-O 18. Rf3 f6 19. exf6 Nxf6 20. Bb1 Bd7 21. Nc5 Rac8 22. Rb3 Qxf4 23. Rxb7 Rxc5 24. Rxc5 Qe3+ 25.
Kh1 Qxc5 26. Qd3 Qc1+ 27. Kh2 Ng4+ 28. Kg3 Qf4+ 29. Kh3 Nf2# 0-1

[Event "Early-Titled-Tuesday-Blitz-February-06-2024"]
[Site "Chess.com"]
[Date "2024.02.06"]
[Round "2"]
[White "ChessLebaneseSalah"]
[Black "roxannyzoldyck"]
[Result "1-0"]
[WhiteElo "2464"]
[BlackElo "2203"]
[TimeControl "180+1"]
[EndTime "8:13:31 PST"]
[Termination "ChessLebaneseSalah won by resignation"]

1. e4 c5 2. Nf3 d6 3. d4 cxd4 4.
Nxd4 Nf6 5. Nc3 g6 6. Be3 Bg7 7. f3 O-O 8. Qd2 Nc6 9. O-O-O Nxd4 10. Bxd4 Be6 11. Kb1 b5 12. h4 h5 13. g4 b4 14. Nd5 Bxd5 15. exd5 hxg4 16. h5 Qa5 17. h6 1-0

[Event "Early-Titled-Tuesday-Blitz-February-06-2024"]
[Site "Chess.com"]
[Date "2024.02.06"]
[Round "2"]
[White "campochess"]
[Black "Flaccidmoves"]
[Result "0-1"]
[WhiteElo "2083"]
[BlackElo "2427"]
[TimeControl "180+1"]
[EndTime "8:13:40 PST"]
[Termination "Flaccidmoves won by resignation"]

1. d4 g6 2. e4 Bg7 3. Nf3 d6 4. Nc3 Bg4 5. Be3 Nc6 6. d5 Bxf3 7. Qxf3 Nd4 8. Qd1 c5 9. dxc6 Nxc6 10. Qd2 Nf6 11. f3 O-O 12. Bc4 Rc8 13. Bb3 Ne5 14.
O-O Nc4 15. Bxc4 Rxc4 16. Rac1 a6 17. b3 Rxc3 18. Qxc3 Nxe4 19. Qd3 Nc3 20. a4 d5 21.
Bd4 Bxd4+ 0-1

[Event "Early-Titled-Tuesday-Blitz-February-06-2024"]
[Site "Chess.com"]
[Date "2024.02.06"]
[Round "2"]
[White "DonkyDonkyDonkey"]
[Black "dennisodessa"]
[Result "1-0"]
[WhiteElo "2908"]
[BlackElo "2612"]
[TimeControl "180+1"]
[EndTime "8:13:50 PST"]
[Termination "DonkyDonkyDonkey won by checkmate"]

1. Nf3 Nf6 2. g3 b6 3. Bg2 Bb7 4. O-O e6 5. d4 Be7 6. c4 O-O 7. Nc3 Ne4 8. d5 Nxc3 9. bxc3 Na6 10. e4 Nc5 11. Re1 d6 12. Bd2 e5 13. Qc2 Ba6 14. Be3 Qd7 15. Bxc5 bxc5 16. Nd2 c6 17. Rab1 Bg5 18.
Nf3 Be7 19. Qa4 Bb7 20. Bh3 Qc7 21. Nd2 Rfb8 22. Nb3 Bd8 23. Rb2 cxd5 24. cxd5 Bc8 25. Qe8# 1-0

[Event "Early-Titled-Tuesday-Blitz-February-06-2024"]
[Site "Chess.com"]
[Date "2024.02.06"]
[Round "2"]
[White "GMCorinnaKopff"]
[Black "GMaka"]
[Result "1-0"]
[WhiteElo "2350"]
[BlackElo "2513"]
[TimeControl "180+1"]
[EndTime "8:13:50 PST"]
[Termination "GMCorinnaKopff won by resignation"]

1. e4 e5 2. Nf3 Nc6 3. Bb5 a6 4. Ba4 Nf6 5. O-O b5 6. Bb3 Be7 7. Re1 O-O 8. c3 Na5 9. Bc2 d6 10. h3 c5 11. d4 Qc7 12. Nbd2 Bb7 13. dxc5 dxc5 14. Nf1 Rfd8 15. Qe2 c4 16. Ng3 g6 17.
Nh2 Bc5 18. Ng4 Nxg4 19. Qxg4 Nc6 20. Bg5 Be7 21. Be3 Qd7 22. Nf5 Kh8 23. Bh6 Bf8 24. Bg5 Re8 25. Bf6+ 1-0

[Event "Early-Titled-Tuesday-Blitz-February-06-2024"]
[Site "Chess.com"]
[Date "2024.02.06"]
[Round "2"]
[White "Ranindu2003"]
[Black "Tssunami"]
[Result "1-0"]
[WhiteElo "2723"]
[BlackElo "2506"]
[TimeControl "180+1"]
[EndTime "8:13:52 PST"]
[Termination "Ranindu2003 won by resignation"]

1. Nf3 c5 2. e3 Nf6 3. b3 b6 4. Bb2 Bb7 5. c4 e6 6. Be2 Be7 7. O-O O-O 8. d4 d5 9. Nc3 dxc4 10. Bxc4 cxd4 11. Nxd4 Nc6 12. Nxc6 Bxc6 13. Qe2 Qb8 14. Rfd1 Rd8 15. h3 Qe5 16. Nd5 exd5 17. Bxe5 dxc4 18. Qxc4 Be8 19. Qc7 Bf8 20. Rxd8 1-0

[Event "Early-Titled-Tuesday-Blitz-February-06-2024"]
[Site "Chess.com"]
[Date "2024.02.06"]
[Round "2"]
[White "cthake"]
[Black "Matols"]
[Result "0-1"]
[WhiteElo "1792"]
[BlackElo "2402"]
[TimeControl "180+1"]
[EndTime "8:13:53 PST"]
[Termination "Matols won by resignation"]

1. e4 c6 2. d4 d5 3. e5 c5 4.
dxc5 e6 5. Bd3 Bxc5 6. Nf3 Ne7 7. c3 a5 8. O-O Nbc6 9. Qe2 Ng6 10. Re1 Bd7 11. Bg5 Qb6 12. b3 O-O 13. Nbd2 Ncxe5 14. Nxe5 Nxe5 15. Qh5 Nxd3 0-1

[Event "Early-Titled-Tuesday-Blitz-February-06-2024"]
[Site "Chess.com"]
[Date "2024.02.06"]
[Round "2"]
[White "JRenatoMaranhao"]
[Black "N4700000"]
[Result "0-1"]
[WhiteElo "2024"]
[BlackElo "2422"]
[TimeControl "180+1"]
[EndTime "8:13:55 PST"]
[Termination "N4700000 won by resignation"]

1. e4 d6 2. d4 Nf6 3. Nc3 e5 4. Nf3 Nbd7 5. a4 Be7 6. a5 a6 7. Bc4 O-O 8. O-O exd4 9. Nxd4 Ne5 10. Bb3 c5 11. Nf5 Bxf5 12. exf5 c4 13. Ba4 Qxa5 14.
Bg5 Qd8 15. h3 b5 16. f4 Ned7 17. Nxb5 axb5 18. Bxb5 Qb6+ 0-1

[Event "Early-Titled-Tuesday-Blitz-February-06-2024"]
[Site "Chess.com"]
[Date "2024.02.06"]
[Round "2"]
[White "esrosenberg"]
[Black "Canal_Showdrez"]
[Result "1-0"]
[WhiteElo "2423"]
[BlackElo "2031"]
[TimeControl "180+1"]
[EndTime "8:13:57 PST"]
[Termination "esrosenberg won by resignation"]

1. c4 Nf6 2. Nf3 g6 3. Nc3 Bg7 4. e4 d6 5. d4 O-O 6. h3 a5 7.
Bd3 Na6 8. O-O c5 9. d5 e5 10. Be3 Nh5 11. Qd2 f5 12. exf5 gxf5 13. Bg5 Qe8 14.
Nh4 f4 15. Nb5 h6 16. Bg6 Rf7 17. Nxd6 Qf8 18. Bxf7+ Kh7 19. Qd3+ 1-0

[Event "Early-Titled-Tuesday-Blitz-February-06-2024"]
[Site "Chess.com"]
[Date "2024.02.06"]
[Round "2"]
[White "MelihKaanCan"]
[Black "azikom"]
[Result "0-1"]
[WhiteElo "2373"]
[BlackElo "2710"]
[TimeControl "180+1"]
[EndTime "8:14:06 PST"]
[Termination "azikom won by resignation"]

1. e4 c6 2. d4 d5 3. exd5 cxd5 4.
Bd3 Nf6 5. Bd2 Nc6 6. c3 Bg4 7. Qb3 Qc7 8. Ne2 e6 9. f3 Bh5 10. Bf4 Bd6 11. Bxd6 Qxd6 12. O-O Bg6 13. Bb5 O-O 14. Nd2 Rab8 15. c4 a6 16. c5 Nxd4 17.
Nxd4 Qxc5 18. Qc3 Qxc3 19. bxc3 axb5 20. Nxb5 Bd3 0-1

[Event "Early-Titled-Tuesday-Blitz-February-06-2024"]
[Site "Chess.com"]
[Date "2024.02.06"]
[Round "2"]
[White "NEPHILIM-SLAYER"]
[Black "JonasEilenberg"]
[Result "1-0"]
[WhiteElo "2742"]
[BlackElo "2531"]
[TimeControl "180+1"]
[EndTime "8:14:07 PST"]
[Termination "NEPHILIM-SLAYER won by resignation"]

1. Nf3 d5 2. c4 d4 3. b4 c5 4. e3 dxe3 5. fxe3 cxb4 6. d4 Nc6 7.
Bb2 e5 8. d5 e4 9. Nfd2 Na5 10.
Be2 Bc5 11. Bxg7 Bxe3 12. Qa4+ Bd7 13. Qxb4 Qg5 14. Bxh8 Qxg2 15. Rf1 b6 16. Qc3 Bc5 17. Qe5+ Ne7 18. Qxe4 Qxh2 19. d6 Qxd6 20. Qxa8+ 1-0

[Event "Early-Titled-Tuesday-Blitz-February-06-2024"]
[Site "Chess.com"]
[Date "2024.02.06"]
[Round "2"]
[White "PepeCuenca"]
[Black "Real_taiatai"]
[Result "1-0"]
[WhiteElo "2715"]
[BlackElo "2474"]
[TimeControl "180+1"]
[EndTime "8:14:11 PST"]
[Termination "PepeCuenca won by resignation"]

1. d4 Nf6 2. Bf4 d5 3. e3 g6 4. Nc3 Nh5 5. Bg5 f6 6. Bh4 Ng7 7. g4 c6 8. f4 h5 9. gxh5 Rxh5 10. Bf2 Kf7 11. Nf3 Bg4 12. Rg1 Qc8 13. Rxg4 Qxg4 14.
Ne5+ fxe5 15. Qxg4 e4 16. Qc8 1-0

[Event "Early-Titled-Tuesday-Blitz-February-06-2024"]
[Site "Chess.com"]
[Date "2024.02.06"]
[Round "2"]
[White "Triumphmate"]
[Black "gpsji27"]
[Result "1-0"]
[WhiteElo "2517"]
[BlackElo "2319"]
[TimeControl "180+1"]
[EndTime "8:14:12 PST"]
[Termination "Triumphmate won by resignation"]

1. e4 e5 2. Nf3 Nc6 3. Nc3 Nf6 4. Bb5 Nd4 5. Ba4 Bc5 6. d3 Qe7 7. Be3 Nxf3+ 8. Qxf3 Bxe3 9. fxe3 c6 10. O-O O-O 11. Bb3 d6 12. Qg3 Be6 13. Rf2 Bxb3 14. axb3 d5 15.
Raf1 Kh8 16. Rf5 Rae8 17. Rg5 Rg8 18. Rff5 h6 19. Rxe5 hxg5 20. Rxe7 Rxe7 21. Qxg5 dxe4 22. Qh4+ 1-0

[Event "Early-Titled-Tuesday-Blitz-February-06-2024"]
[Site "Chess.com"]
[Date "2024.02.06"]
[Round "2"]
[White "SergioMoralesG"]
[Black "Szachulec75"]
[Result "1-0"]
[WhiteElo "2465"]
[BlackElo "2208"]
[TimeControl "180+1"]
[EndTime "8:14:19 PST"]
[Termination "SergioMoralesG won by resignation"]

1. d4 Nf6 2. c4 g6 3. Nc3 Bg7 4. e4 d6 5. Nf3 O-O 6. Be2 Bg4 7. Be3 Nfd7 8. Qd2 Nc6 9. O-O-O Bxf3 10. Bxf3 e5 11.
dxe5 Ncxe5 12. Be2 a6 13. Bh6 b5 14. Bxg7 Kxg7 15.
cxb5 axb5 16. Bxb5 Nc5 17. f4 Ned7 18. Bxd7 Qxd7 19.
Qd4+ Kg8 20. Qxc5 Rfb8 21. Qd4 Rb6 22. Nd5 Qc6+ 23. Kb1 1-0

[Event "Early-Titled-Tuesday-Blitz-February-06-2024"]
[Site "Chess.com"]
[Date "2024.02.06"]
[Round "2"]
[White "ArmanGhevondyanchess"]
[Black "dropstoneDP"]
[Result "0-1"]
[WhiteElo "2647"]
[BlackElo "3018"]
[TimeControl "180+1"]
[EndTime "8:14:25 PST"]
[Termination "dropstoneDP won by resignation"]

1. Nf3 d5 2. d4 Nf6 3. g3 g6 4.
Bg2 Bg7 5. O-O O-O 6. b3 c5 7. Bb2 cxd4 8. Nxd4 Re8 9. Nf3 Nc6 10. Na3 e5 11. c4 d4 12. Nc2 Bf5 13. Nh4 Be4 14.
f3 Bxc2 15. Qxc2 Qe7 16. Rad1 Rad8 17. Bh3 e4 18. Ng2 d3 19. exd3 Nb4 20. Qb1 Nxd3 21.
Bxf6 Bxf6 22. Kh1 Qc5 23. Qc2 Nf2+ 24. Rxf2 Rxd1+ 25. Qxd1 Qxf2 0-1

[Event "Early-Titled-Tuesday-Blitz-February-06-2024"]
[Site "Chess.com"]
[Date "2024.02.06"]
[Round "2"]
[White "Massakru"]
[Black "ASVZ"]
[Result "1-0"]
[WhiteElo "2336"]
[BlackElo "2501"]
[TimeControl "180+1"]
[EndTime "8:14:28 PST"]
[Termination "Massakru won by resignation"]

1. e4 e6 2. d4 d5 3. Nc3 Bb4 4. Ne2 Nc6 5. exd5 exd5 6. Qd3 Nge7 7. Bg5 f6 8. Bh4 Bf5 9. Qd2 O-O 10. O-O-O Qd7 11.
h3 Bg6 12. g4 f5 13. f3 Rae8 14. Nf4 a5 15. a3 Bd6 16. Nfxd5 Nxd5 17. Nxd5 Bxa3 18.
Bc4 Bxb2+ 19. Kxb2 Kh8 20. Rhe1 Bf7 21. Rxe8 Rxe8 22.
Nf6 gxf6 23. Bxf6+ Kg8 24. Qg5+ 1-0

[Event "Early-Titled-Tuesday-Blitz-February-06-2024"]
[Site "Chess.com"]
[Date "2024.02.06"]
[Round "2"]
[White "Casablanca"]
[Black "BardArtem"]
[Result "0-1"]
[WhiteElo "2555"]
[BlackElo "2784"]
[TimeControl "180+1"]
[EndTime "8:14:40 PST"]
[Termination "BardArtem won by resignation"]

1. d4 Nf6 2. Bg5 c5 3. Nc3 cxd4 4. Qxd4 Nc6 5. Qh4 d6 6. e4 Bd7 7. O-O-O Rc8 8. f4 Qa5 9. Nf3 Nb4 10. Bxf6 gxf6 11.
a3 Rxc3 12. bxc3 Na2+ 13. Kb2 Nxc3 14. Rd4 Na4+ 15. Kb1 Qc3 16. Rb4 Qxa3 17. Rb3 Nc3+ 18. Rxc3 Qxc3 19. Bd3 a5 20. Qf2 Qb4+ 21. Ka1 Qa3+ 22.
Kb1 Qc5 23. Qd2 Bg7 24. f5 h5 0-1

[Event "Early-Titled-Tuesday-Blitz-February-06-2024"]
[Site "Chess.com"]
[Date "2024.02.06"]
[Round "2"]
[White "Licancabur"]
[Black "MikeSailer"]
[Result "1-0"]
[WhiteElo "2424"]
[BlackElo "2054"]
[TimeControl "180+1"]
[EndTime "8:14:40 PST"]
[Termination "Licancabur won by resignation"]

1. d4 d5 2. Bg5 Nf6 3. Bxf6 gxf6 4. e3 Bf5 5. Be2 e6 6. g4 Bg6 7. h4 h6 8. Nd2 Bd6 9. h5 Bh7 10. Bd3 Bxd3 11. cxd3 a6 12. Ne2 Nd7 13. Nc3 Qe7 14. Rc1 O-O-O 15. Na4 Kb8 16. Nb3 e5 17. Kf1 exd4 18.
exd4 f5 19. Nbc5 fxg4 20. Qb3 b6 21. Nxa6+ Ka7 22. Nxc7 Bxc7 23. Rxc7+ Kb8 24. Nxb6 Kxc7 25. Nxd5+ 1-0

[Event "Early-Titled-Tuesday-Blitz-February-06-2024"]
[Site "Chess.com"]
[Date "2024.02.06"]
[Round "2"]
[White "IMRosen"]
[Black "alvarorodriguezavila"]
[Result "1-0"]
[WhiteElo "2689"]
[BlackElo "2383"]
[TimeControl "180+1"]
[EndTime "8:14:41 PST"]
[Termination "IMRosen won by resignation"]

1. d4 Nf6 2. Bf4 d5 3. e3 e6 4.
Nf3 Bd6 5. Ne5 O-O 6. Nd2 c5 7. c3 Nc6 8. Bd3 Qc7 9. Ndf3 Ne4 10. O-O f6 11. Nxc6 Bxf4 12. exf4 bxc6 13. Qc1 f5 14. Ne5 Bd7 15. f3 Nf6 16. dxc5 Be8 17. Qe3 Bf7 18. Rfe1 Rab8 19. b4 Rfe8 20. a3 Nd7 21. Nxd7 Qxd7 22.
Qd4 Qd8 23. Re2 Kf8 24. Rae1 Qh4 25. g3 Qe7 26. Bxf5 exf5 27. Rxe7 Rxe7 28. Rxe7 Kxe7 29. Qe5+ 1-0

[Event "Early-Titled-Tuesday-Blitz-February-06-2024"]
[Site "Chess.com"]
[Date "2024.02.06"]
[Round "2"]
[White "RandomNoob04"]
[Black "eightbyeightchess"]
[Result "1-0"]
[WhiteElo "2559"]
[BlackElo "2356"]
[TimeControl "180+1"]
[EndTime "8:14:41 PST"]
[Termination "RandomNoob04 won by resignation"]

1. e4 d5 2. exd5 Nf6 3. Nf3 Qxd5 4. Nc3 Qh5 5. Nb5 Na6 6. d4 c6 7.
Nc3 Bg4 8. Bxa6 bxa6 9. Qd3 Bxf3 10. gxf3 e6 11. Qxa6 Qxf3 12. Rg1 Bb4 13. Rg3 Qh1+ 14. Ke2 Qe4+ 15. Nxe4 1-0

[Event "Early-Titled-Tuesday-Blitz-February-06-2024"]
[Site "Chess.com"]
[Date "2024.02.06"]
[Round "2"]
[White "nickmatta"]
[Black "MyDream003"]
[Result "0-1"]
[WhiteElo "2545"]
[BlackElo "2766"]
[TimeControl "180+1"]
[EndTime "8:14:43 PST"]
[Termination "MyDream003 won by resignation"]

1. Nf3 Nf6 2. g3 d5 3. Bg2 c6 4. O-O Bg4 5. c4 e6 6. Ne5 Bh5 7. cxd5 exd5 8. Nc3 Nbd7 9. d4 Be7 10. Nd3 O-O 11.
Nf4 Bg6 12. Qb3 Qb6 13. Nxg6 hxg6 14. Qxb6 axb6 15. Bf4 b5 16. h3 Rfe8 17. g4 Nb6 18. Bc7 Nfd7 19. e4 b4 20. Ne2 dxe4 21. Bxe4 Bd6 22.
Bxb6 Rxe4 23. Ng3 Bxg3 0-1